 Dungeon Crawl Stone Soup version 0.21.1-1-g345015fe64 (webtiles) character file.

6085 Marvel the Cleaver (level 10, -2/90 HPs)
             Began as a Hill Orc Fighter on Feb 18, 2018.
             Was an Elder of Okawaru.
             Slain by a catoblepas (19 damage)
             ... on level 10 of the Dungeon.
             The game lasted 00:36:29 (9263 turns).

Marvel the Cleaver (Hill Orc Fighter)               Turns: 9263, Time: 00:36:30

Health: -2/90      AC: 10    Str: 23    XL:     10   Next: 88%
Magic:  11/11      EV:  8    Int:  8    God:    Okawaru [****..]
Gold:   299        SH: 11    Dex: 10    Spells: 9/9 levels left

rFire    . . .     SeeInvis .   L - +2 war axe (chop)
rCold    . . .     Gourm    .   c - +0 shield
rNeg     . . .     Faith    .   b - +0 scale mail
rPois    .         Spirit   .   (no helmet)
rElec    .         Reflect  .   (no cloak)
rCorr    .         Harm     .   (no gloves)
MR       .....                  N - +1 pair of boots
Stlth    ..........             p - amulet of regeneration
HPRegen  0.65/turn              j - +1 ring of slaying
MPRegen  0.12/turn              (no ring)

@: studying Armour
A: no striking features
a: Heroism, Renounce Religion


You were on level 10 of the Dungeon.
You worshipped Okawaru.
Okawaru was greatly pleased with you.
You were very full.

You visited 2 branches of the dungeon, and saw 11 of its levels.
You also visited: Bailey.

You collected 599 gold pieces.
You spent 300 gold pieces at shops.

Inventory:

Hand Weapons
 a - a +3 war axe
 o - a cursed -1 hand axe
 z - a +0 battleaxe
 L - a +2 war axe of chopping (weapon)
 U - a +2 bardiche of venom
Missiles
 R - 13 javelins of returning (quivered)
Armour
 b - a +0 scale mail (worn)
 c - a +0 shield (worn)
 N - a +1 pair of boots (worn)
Jewellery
 j - a +1 ring of slaying (left hand)
 p - an amulet of regeneration (around neck)
 C - an uncursed ring of ice
 D - an uncursed amulet of the gourmand
Wands
 g - a wand of paralysis (27)
 x - a wand of random effects (38)
 A - a wand of enslavement (4)
 E - a wand of flame (18)
Scrolls
 e - 3 scrolls of random uselessness {unknown}
 l - 4 scrolls of enchant armour {unknown}
 m - 3 scrolls of remove curse {unknown}
 n - a scroll of noise {unknown}
 s - 3 scrolls of magic mapping {unknown}
 u - 2 scrolls of blinking {unknown}
 w - 2 scrolls of identify
 G - a scroll of fear {unknown}
 H - a scroll of torment {unknown}
 K - a scroll of holy word {unknown}
 T - 3 scrolls of enchant weapon
Potions
 d - 4 potions of might
 h - a potion of flight {unknown}
 i - a potion of berserk rage {unknown}
 k - 5 potions of haste {unknown}
 r - a potion of heal wounds
 t - 2 potions of brilliance
 v - 3 potions of curing
 J - 2 potions of degeneration {unknown}
Books
 q - a book of Maledictions

   Spells                             Type                      Level
   a - Corona                         Hexes                        1
   b - Ensorcelled Hibernation        Hexes/Ice                    2
   c - Confuse                        Hexes                        3
   d - Tukima's Dance                 Hexes                        3
   e - Dazzling Spray                 Conjuration/Hexes            3
 y - a Young Poisoner's Handbook

   Spells                             Type                      Level
   a - Sting                          Conjuration/Poison           1
   b - Poisonous Vapours              Poison/Air                   2
   c - Mephitic Cloud                 Conjuration/Poison/Air       3
   d - Olgreb's Toxic Radiance        Poison                       4
   e - Venom Bolt                     Conjuration/Poison           5
 M - a book of Geomancy

   Spells                             Type                      Level
   a - Sandblast                      Earth                        1
   b - Passwall                       Transmutation/Earth          2
   c - Stone Arrow                    Conjuration/Earth            3
   d - Petrify                        Transmutation/Earth          4
   e - Lee's Rapid Deconstruction     Earth                        5
 O - a book of Minor Magic

   Spells                             Type                      Level
   a - Magic Dart                     Conjuration                  1
   b - Blink                          Translocation                2
   c - Call Imp                       Summoning                    2
   d - Slow                           Hexes                        2
   e - Conjure Flame                  Conjuration/Fire             3
   f - Mephitic Cloud                 Conjuration/Poison/Air       3
 S - a manual of Armour
Comestibles
 f - 21 rations


   Skills:
 + Level 8.8 Fighting
 + Level 13.3 Axes
 + Level 1.1 Throwing
 + Level 8.4 Armour
 + Level 1.1 Stealth
 + Level 8.2 Shields
 + Level 1.4 Invocations
 + Level 0.6 Evocations


You had 9 spell levels left.
You didn't know any spells.

Dungeon Overview and Level Annotations

Branches:
Dungeon (10/15)            Temple (1/1) D:4            Lair (0/6) D:10
    Orc: D:9-12

Altars:
Cheibriados
Dithmenos
Fedhas
Gozag
Hepliaklqana
Kikubaaqudgha
Makhleb
Nemelex Xobeh
Okawaru
Ru
Sif Muna
Trog
Vehumet
Xom
Yredelemnul
Zin
The Shining One

Shops:
D:9 %

Annotations:
D:6 Menkaure
D:10 2 runed doors


Message History

The catoblepas breathes a plume of calcifying dust at you.
The blast of calcifying dust hits you!
* * * LOW HITPOINT WARNING * * *
The centaur shoots an arrow.
The arrow barely misses you. You block the catoblepas's attack.
Things that are here:
an uncursed shortbow; 8 arrows; a centaur corpse
Okay, then.
As you read the scroll of identify, it crumbles to dust.
t - 2 potions of brilliance The catoblepas gores you!
* * * LOW HITPOINT WARNING * * *
You block the yak's attack.
Evoke which item? (* to show all) (? for menu, Esc to quit)
Aiming: Paralyse
Press: ? - help, Shift-Dir - straight line, f - catoblepas
Aim: a catoblepas (purple smoke, moderately wounded, chance to defeat MR: 1%)
The catoblepas resists with almost no effort.
The catoblepas gores you!!
You die...

+.....## ####......#
..........##########
....................
...................
#####..............
#...........#
#.....(.§..(#
#.....().Y@##
#......((Y§#
..........c§#
............§.......
....................
######......######.
#......# #......#
#......#


You could see a catoblepas, a yak and a centaur.

Vanquished Creatures
  The ghost of BrokenGlass the Martial Artist, a novice OpFi (D:6)
  A centaur skeleton (D:10)
  A hungry ghost (D:7)
  A water moccasin (D:5)
  Duvessa (D:7)
  A hornet zombie (D:8)
  3 ice beasts
  14 orc warriors
  2 black bears
  2 ogres
  9 centaurs
  A big kobold (D:8)
  3 bullfrogs
  Blork the orc (D:5)
  Dowan (D:7)
  A water moccasin zombie (D:8)
  A scorpion (D:5)
  The ghost of chimenez the Charmwright, a weakling BaSk (D:3)
  A vampire bat (D:9)
  4 wights (D:8)
  A howler monkey (D:10)
  5 crimson imps
  A hound (D:6)
  3 orc priests
  A bullfrog skeleton (D:8)
  A gnoll shaman (D:6)
  An iguana (D:8)
  Terence (D:3)
  Jessica (D:2)
  11 orc wizards
  9 worker ants
  2 hound zombies
  A hound skeleton (D:9)
  A worker ant zombie (D:8)
  11 gnolls
  A howler monkey skeleton (D:8)
  8 adders
  A shadow imp (D:5)
  2 oozes
  2 adder skeletons
  An adder zombie (D:5)
  2 worms
  2 dart slugs
  5 leopard geckos
  55 orcs
  A ball python (D:4)
  3 bat skeletons (D:9)
  4 bat zombies (D:9)
  6 giant cockroaches
  4 hobgoblins
  14 jackals
  7 quokkas
  8 bats
  6 frilled lizards
  15 goblins
  12 kobolds
  10 rats
269 creatures vanquished.

Notes
Turn   | Place    | Note
-------+----------+-------------------------------------------
     0 | D:1      | Marvel the Hill Orc Fighter began the quest for the Orb.
     0 | D:1      | Reached XP level 1. HP: 19/19 MP: 1/1
   293 | D:2      | Reached skill level 3 in Axes
   293 | D:2      | Reached XP level 2. HP: 18/27 MP: 2/2
   482 | D:2      | Reached XP level 3. HP: 20/33 MP: 3/3
  1117 | D:2      | Noticed Jessica
  1166 | D:1      | Reached XP level 4. HP: 27/40 MP: 4/4
  1200 | D:1      | Reached skill level 4 in Axes
  1804 | D:2      | Killed Jessica
  2094 | D:3      | Reached XP level 5. HP: 47/47 MP: 5/5
  2181 | D:3      | Noticed chimenez's ghost (weakling BaSk)
  2203 | D:3      | Killed chimenez's ghost
  2203 | D:3      | Reached skill level 5 in Axes
  2354 | D:3      | Noticed Terence
  2368 | D:3      | Killed Terence
  2542 | D:4      | Reached XP level 6. HP: 53/53 MP: 6/6
  2618 | D:4      | Reached skill level 6 in Axes
  3051 | D:4      | Found a staircase to the Ecumenical Temple.
  3077 | Temple   | Entered the Ecumenical Temple
  3085 | Temple   | Became a worshipper of Warmaster Okawaru
  3513 | D:5      | Entered Level 5 of the Dungeon
  3513 | D:5      | Noticed a water moccasin
  3526 | D:5      | Killed a water moccasin
  3526 | D:5      | Reached XP level 7. HP: 39/60 MP: 7/7
  3578 | D:5      | Noticed Blork the orc
  3659 | D:6      | Reached skill level 7 in Axes
  3705 | D:6      | Noticed Menkaure
  3736 | D:7      | Noticed a hungry ghost
  3753 | D:7      | Killed a hungry ghost
  3753 | D:7      | Reached skill level 5 in Shields
  3876 | D:7      | Found a blossoming altar of Fedhas.
  3905 | D:7      | Reached * piety under Okawaru
  3905 | D:7      | Reached skill level 5 in Fighting
  3905 | D:7      | Reached skill level 8 in Axes
  4179 | D:7      | Noticed Duvessa
  4203 | D:7      | Killed Duvessa
  4203 | D:7      | Reached skill level 5 in Armour
  4245 | D:7      | Noticed Dowan
  4250 | D:7      | Killed Dowan
  4250 | D:7      | Reached XP level 8. HP: 43/68 MP: 5/8
  4457 | D:6      | Noticed BrokenGlass's ghost (novice OpFi)
  4468 | D:6      | Killed BrokenGlass's ghost
  4468 | D:6      | Reached ** piety under Okawaru
  4468 | D:6      | Reached skill level 10 in Axes
  4754 | D:6      | Reached XP level 9. HP: 49/75 MP: 9/9
  5222 | D:5      | Killed Blork the orc
  5772 | D:8      | Reached skill level 11 in Axes
  6295 | D:8      | Reached *** piety under Okawaru
  6716 | D:8      | Found a deep blue altar of Sif Muna.
  6790 | D:8      | Reached skill level 12 in Axes
  6884 | D:9      | Found Ycacril's Food Shop.
  6902 | D:9      | Reached skill level 1 in Invocations
  6902 | D:9      | Reached XP level 10. HP: 71/86 MP: 7/11
  6929 | D:9      | Bought a ration for 60 gold pieces
  6929 | D:9      | Bought a ration for 60 gold pieces
  6929 | D:9      | Bought a ration for 60 gold pieces
  6929 | D:9      | Bought a ration for 60 gold pieces
  6929 | D:9      | Bought a ration for 60 gold pieces
  7208 | D:9      | Got a translucent steel ring
  7209 | D:9      | Identified the cursed ring of Ihoill {rN+ Dex-5} (You found it on level 9 of the Dungeon)
  7224 | D:9      | Found a flagged portal.
  7239 | Bailey   | Entered a bailey
  7386 | Bailey   | Reached skill level 1 in Stealth
  7883 | Bailey   | Reached **** piety under Okawaru
  8219 | Bailey   | Reached skill level 1 in Throwing
  8839 | D:9      | Found an ancient bone altar of Kikubaaqudgha.
  8921 | D:9      | Reached skill level 13 in Axes
  8951 | D:10     | Entered Level 10 of the Dungeon
  8964 | D:10     | Found a runed door.
  8998 | D:10     | Found a staircase to the Lair.
  9193 | D:10     | Found a runed door.
  9249 | D:10     | Noticed a catoblepas
  9258 | D:10     | HP: 4/90 [catoblepas (3)]
  9263 | D:10     | Slain by a catoblepas

Skill      XL: |  1  2  3  4  5  6  7  8  9 10 |
---------------+-------------------------------+-----
Fighting       | 4 5 6 7 8 |  8.8
Axes           | 3 4 5 6 8 10 12 13 | 13.3
Shields        | 4 5 6 7 8 |  8.2
Armour         | 4 5 6 7 8 |  8.4
Invocations    | 1 |  1.4
Stealth        | 1 |  1.1
Throwing       | 1 |  1.1
Evocations     | |  0.6

Action                   |  1- 3 |  4- 6 |  7- 9 | 10-12 || total
-------------------------+-------+-------+-------+-------++-------
Melee: War axe           |   101 |   152 |   349 |   270 ||   872
Throw: Javelin           |       |       |       |    12 ||    12
Invok: Heroism           |       |       |     6 |     4 ||    10
Evoke: Wand              |       |       |       |     6 ||     6
  Use: Potion            |     1 |       |     1 |     3 ||     5
       Scroll            |       |     6 |     1 |     6 ||    13
  Eat: Chunk             |     1 |     4 |    16 |    14 ||    35
       Ration            |       |     1 |     3 |       ||     4
Armor: Scale mail        |    54 |    49 |    75 |   110 ||   288
Dodge: Dodged            |    38 |    44 |    90 |   113 ||   285
Block: Shield            |    52 |    94 |   160 |   206 ||   512
